 Dungeon Crawl Stone Soup version 0.29.1-12-g30fa7ad0bf (webtiles) character file.

Game seed: 662089481556748557

1124 warriortoast the Sneak (level 8, -7/42 HPs)
             Began as a Spriggan Hunter on Dec 9, 2022.
             Killed by divine providence
             ... invoked by an orc priest
              (10 damage)
             ... on level 6 of the Dungeon on Dec 12, 2022.
             The game lasted 00:09:51 (6171 turns).

warriortoast the Sneak (Spriggan Hunter)            Turns: 6171, Time: 00:09:51

Health: -7/42      AC:  2    Str:  7    XL:     8   Next: 13%
Magic:  9/9        EV: 22    Int: 10    God:
Gold:   384        SH:  0    Dex: 21    Spells: 7/7 levels left

rFire   . . .      SeeInvis +   a - +0 shortbow
rCold   . . .      Faith    .   (shield currently unavailable)
rNeg    . . .      Spirit   .   c - +0 robe
rPois   .          Reflect  .   (helmet restricted)
rElec   .          Harm     .   (no cloak)
rCorr   .          Rampage  .   (gloves unavailable)
Will    +....                   (boots unavailable)
Stlth   ++++......              (no amulet)
HPRegen 0.14/turn               (no ring)
MPRegen 0.11/turn               (no ring)

@: very quick
A: very small, no large weapons, unfitting armour, see invisible, speed 3
a: no special abilities


You were on level 6 of the Dungeon.
You visited 1 branch of the dungeon, and saw 6 of its levels.

You collected 384 gold pieces.

Inventory:

Hand Weapons
 a - a +0 shortbow (weapon)
 l - the +7 dagger "Ughoraa" {vorpal, Fragile Str+4 Int+4}
   (You found it on level 2 of the Dungeon)

   It inflicts extra damage upon your enemies.
   Str:       It affects your strength (+4).
   Int:       It affects your intelligence (+4).
   Fragile:   It will be destroyed if unequipped.
Missiles
 v - a throwing net
Armour
 c - a +0 robe (worn)
Wands
 y - a wand of digging (5)
 z - a wand of roots (13)
Scrolls
 b - 2 scrolls of immolation
 d - 4 scrolls of amnesia {unknown}
 i - 5 scrolls of identify {unknown}
 j - 2 scrolls of blinking {unknown}
 m - 2 scrolls of fear {unknown}
 o - a scroll of torment {unknown}
 t - a scroll of magic mapping {unknown}
 u - a scroll of noise {unknown}
 w - 2 scrolls of enchant armour {unknown}
 x - 2 scrolls of teleportation {unknown}
 B - a scroll of vulnerability {unknown}
 C - a scroll of silence {unknown}
Potions
 e - 2 potions of resistance {unknown}
 f - a potion of lignification {unknown}
 g - a potion of berserk rage {unknown}
 h - 2 potions of curing
 k - 2 potions of magic {unknown}
 n - a potion of flight {unknown}
 p - 3 potions of mutation {unknown}
 q - 2 potions of degeneration {unknown}
 r - a potion of invisibility {unknown}
 s - 2 potions of ambrosia {unknown}
 A - a potion of cancellation {unknown}


   Skills:
 + Level 4.2 Fighting
 + Level 6.3 Ranged Weapons
 + Level 6.8 Dodging
 + Level 7.4 Stealth


You had 7 spell levels left.
You didn't know any spells.
Your spell library contained the following spells:

 Spells                   Type           Power      Damage    Failure   Level
 Freeze                   Ice            0%         1d3       36%         1
 Necrotise                Necr           0%         1d4       36%         1
 Frozen Ramparts          Ice            0%         1d1       75%         3
 Ozocubu's Armour         Ice            0%         N/A       75%         3
 Vampiric Draining        Necr           0%         2d6       75%         3
 Hailstorm                Conj/Ice       0%         3d3       98%         4
 Agony                    Necr           0%         N/A       100%        5
 Fireball                 Conj/Fire      0%         3d3       100%        5
 Iskenderun's Battlesphe  Conj           0%         2d6       100%        5
 Metabolic Englaciation   Hex/Ice        0%         N/A       100%        5
 Conjure Ball Lightning   Conj/Air       0%         3x3d6     100%        6
 Simulacrum               Ice/Necr       0%         N/A       100%        6
 Orb of Destruction       Conj           0%         9d5       100%        7
 Chain Lightning          Conj/Air       0%         N/A       100%        9
 Fire Storm               Conj/Fire      0%         5d1       100%        9
 Shatter                  Erth           0%         3d5*      100%        9


Dungeon Overview and Level Annotations

Branches:
Dungeon (6/15)
 Temple: D:4-7

Altars:
Dithmenos
Makhleb
Nemelex Xobeh
Okawaru
Xom
Zin


Innate Abilities, Weirdness & Mutations

You are very small and have problems with some larger weapons.
You are too small for most types of armour.
You have supernaturally acute eyesight. (SInv)
You cover ground extremely quickly. (Speed+++)


Message History

The orc priest begins to cast a cantrip, but forgets the words!
There is an open door here.
Okay, then.
Found a cyan potion.
You shoot an arrow. The arrow barely misses the orc priest.
A hound comes into view.
You shoot an arrow. The hound barks!
The arrow hits the orc priest.
The orc priest is lightly wounded.
You shoot an arrow. The arrow barely misses the orc priest.
The arrow hits the orc priest!
The orc priest is almost dead.
The orc priest calls upon Beogh to heal the orc priest.
The orc priest is healed somewhat.
You shoot an arrow. The arrow hits the hound.
The hound is lightly wounded.
The orc priest calls down the wrath of Beogh upon you.
Beogh smites you!
The orc priest invokes the aid of Beogh against you.
Beogh smites you!
* * * LOW HITPOINT WARNING * * *
You hear a shout!
The hound misses you. The hound misses you.
The orc priest calls upon Beogh to heal something.
You open the door. The hound misses you. The hound completely misses you.
There is an open door here.
You open the door. The hound bites you.
* * * LOW HITPOINT WARNING * * *
There is an open door here.
The hound bites you.
* * * LOW HITPOINT WARNING * * *
Found 5 gold pieces.
A dart slug comes into view.
There is an open door here.
The orc misses you.
The orc priest calls down the wrath of Beogh upon you.
Beogh smites you!
You die...

................#.....#
#+############+##.....#
.............#
.............#
.............#
.............#
.............#
############+#.....#
##........#...@.....#
+.........h.o.#o....#
#.........#...#.....#
####..######..#o....#
#####..# ####.....#
#.....h+ #.....#
#......# +.....#
#.$....# #.....#
.+......# ##. #.....#


You could see a hound, 2 orc priests and an orc.

Vanquished Creatures
  Sigmund (D:5)
  An ice beast (D:6)
  An ogre (D:5)
  A phantom (D:5)
  2 necrophages
  A jelly (D:5)
  2 hounds (D:5)
  Jessica (D:3)
  3 iguanas
  An orc wizard (D:4)
  15 gnolls
  5 adders
  A white imp (D:5)
  An ufetubus (D:6)
  4 worms
  3 dart slugs
  16 orcs
  7 ball pythons
  4 bats
  6 endoplasms
  4 giant cockroaches
  21 hobgoblins
  2 quokkas (D:2)
  4 frilled lizards
  31 goblins
  9 kobolds
  4 rats
151 creatures vanquished.

Vanquished Creatures (others)
  A hound (D:5)
  2 adders (D:5)
3 creatures vanquished.

Grand Total: 154 creatures vanquished

Notes
Turn   | Place    | Note
-------+----------+-------------------------------------------
     0 | D:1      | warriortoast the Spriggan Hunter began the quest for the
                  | Orb.
     0 | D:1      | Reached XP level 1. HP: 10/10 MP: 2/2
     0 | D:1      | Upgraded the game from 0.29.1-4-g47bece8355 to
                  | 0.29.1-12-g30fa7ad0bf
   197 | D:1      | Reached skill level 2 in Stealth
   251 | D:1      | Reached XP level 2. HP: 15/15 MP: 3/3
   394 | D:1      | Found a faded altar of an unknown god.
   612 | D:2      | Identified the +7 dagger "Ughoraa" {vorpal, Fragile Str+4
                  | Int+4}
   844 | D:2      | Reached XP level 3. HP: 18/18 MP: 4/4
  1316 | D:3      | Reached skill level 3 in Stealth
  1459 | D:3      | Reached XP level 4. HP: 20/23 MP: 5/5
  1764 | D:3      | Noticed Jessica
  1765 | D:3      | Killed Jessica
  2171 | D:4      | Noticed a necrophage
  2186 | D:4      | Killed a necrophage
  2187 | D:4      | Reached skill level 4 in Stealth
  2187 | D:4      | Reached XP level 5. HP: 27/27 MP: 6/6
  2598 | D:4      | Found a glowing silver altar of Zin.
  2856 | D:4      | Reached skill level 5 in Ranged Weapons
  3160 | D:4      | Reached XP level 6. HP: 28/32 MP: 7/7
  3505 | D:4      | Reached skill level 5 in Dodging
  3505 | D:4      | Reached skill level 5 in Stealth
  3853 | D:5      | Entered Level 5 of the Dungeon
  4126 | D:5      | Found a sparkling altar of Nemelex Xobeh.
  4151 | D:5      | Found a burning altar of Makhleb.
  4173 | D:5      | Found a shimmering altar of Xom.
  4444 | D:5      | Reached XP level 7. HP: 28/36 MP: 8/8
  4691 | D:5      | Reached skill level 6 in Stealth
  4906 | D:5      | Found a shadowy altar of Dithmenos.
  4944 | D:5      | Noticed Sigmund
  4957 | D:5      | Killed Sigmund
  5471 | D:5      | Reached skill level 7 in Stealth
  5699 | D:6      | Reached XP level 8. HP: 42/42 MP: 9/9
  5794 | D:6      | Found an iron altar of Okawaru.
  6146 | D:6      | HP: 1/42 [hound (5)]
  6171 | D:6      | Killed from afar by an orc priest

Illustrated notes

Levels and vault maps discovered:
D:1:      saegor_arrival_miasma, layout_basic,
          chequers_ecumenical_altar_simple_redux, nicolae_titane
D:2:      layout_basic, minmay_cupped
D:3:      layout_loops_cross, uniq_jessica
D:4:      minmay_goblin_kobold_castle, layout_cave_pools, zin_statuary,
          feat_on_display
D:5:      layout_loops_corners, lightli_temple_of_fire,
          nicolae_dithmenos_shadow_blocks, xom_confusion_cloud,
          nicolae_overflow_hidden_temple, item_on_display_a, uniq_sigmund
D:6:      layout_gridville, okawaru_ov_weapons_minmay,
          mainiacjoe_overflow_brackets, kennysheep_slug_shrine,
          grunt_ministairs_12, kb_rosetta

Skill      XL: |  1  2  3  4  5  6  7 |
---------------+----------------------+-----
Stealth        | 2 3 4 5 7 |  7.4
Dodging        | 3 4 5 6 |  6.8
Fighting       | 2 3 4 |  4.2
Ranged Weapons | 5 6 |  6.3

Action                   |  1- 3 |  4- 6 |  7- 9 || total
-------------------------+-------+-------+-------++-------
 Fire: Shortbow          |    74 |   291 |   152 ||   517
  Use: Potion            |       |     1 |       ||     1
Armor: Robe              |       |     6 |     1 ||     7
Dodge: Dodged            |     4 |    97 |    48 ||   149
